 Dungeon Crawl Stone Soup version 0.31.0 (webtiles) character file.

Game seed: 1685420301783229914

631 qw the Skirmisher (level 7, 0/44 HPs)
             Began as a Gargoyle Hunter on Jan 20, 2024.
             Slain by a lemure (5 damage)
             ... led by Pikel
             ... on level 3 of the Dungeon.
             The game lasted 00:00:15 (3499 turns).

qw the Skirmisher (Gargoyle Hunter)                 Turns: 3499, Time: 00:00:15

Health: 0/44       AC:  7    Str: 13 (15) XL:     7   Next: 48%
Magic:  7/7        EV: 12    Int:  6 (9)  God:
Gold:   102        SH:  0    Dex: 13 (15) Spells: 6/6 levels left

rFire   . . .        a - +3 shortbow
rCold   . . .        (shield currently unavailable)
rNeg    + . .        b - +1 robe {Will+}
rPois   inf          (no helmet)
rElec   +            (no cloak)
rCorr   .            (no gloves)
SInv    .            (no boots)
Will    +....        (no amulet)
Stlth   ++           (no ring)
HPRegen 0.27/turn    (no ring)
MPRegen 0.10/turn

%: no passive effects
@: no status effects
A: sickness immunity, AC +4, negative energy resistance 1, electricity
resistance, torment resistance 1, petrification resistance
a: no special abilities


You were on level 3 of the Dungeon.
You visited 1 branch of the dungeon, and saw 4 of its levels.
You also visited: Sewer.

You collected 102 gold pieces.


Innate Abilities, Weirdness & Mutations

You are immune to sickness and miasma.
Your stone body is resilient. (AC +4)
You are immune to poison.
You resist negative energy. (rN+)
You are resistant to electric shocks. (rElec)
You are resistant to unholy torment.
You are immune to petrification.


   Skills:
 + Level 4.3 Fighting
 - Level 8.0 Ranged Weapons
 - Level 1.0 Armour
 - Level 1.5 Dodging
 - Level 1.1 Stealth


You had 6 spell levels left.
You didn't know any spells.
Your spell library was empty.

Inventory:

Hand Weapons
 a - a +3 shortbow (weapon)
Armour
 b - a +1 robe of willpower (worn)
 i - a +0 ring mail
Potions
 c - a potion of haste {unknown}
 e - a potion of curing {unknown}
 f - a potion of mutation {unknown}
 g - a potion of heal wounds {unknown}
 h - a potion of magic {unknown}

Dungeon Overview and Level Annotations

Branches:
Dungeon (4/15)              Sewer (visited)
 Temple: D:4-7

Altars:
Hepliaklqana
Kikubaaqudgha
Zin

Shops:
D:1 !

Annotations:
D:4 Pikel


Message History

The jackal barely misses you. The lemure hits you. The lemure hits you!
The jackal bites you.
You shoot an arrow. The arrow hits the lemure!
The lemure is moderately wounded.
The jackal barely misses you. The lemure hits you but does no damage.
The lemure barely misses you.
You shoot an arrow. The arrow hits the lemure.
The lemure is heavily wounded.
The jackal misses you. The lemure hits you. x2
You shoot an arrow. The arrow hits the lemure.
The lemure is severely wounded.
The jackal bites you but does no damage. x2
The lemure hits you. The lemure barely misses you.
You shoot an arrow. The arrow hits the lemure.
The lemure is severely wounded.
The jackal bites you. The lemure misses you. The lemure hits you.
You shoot an arrow. The arrow hits the lemure.
The lemure is almost dead.
The jackal bites you but does no damage.
The lemure hits you but does no damage. The lemure closely misses you.
The jackal barely misses you.
You shoot an arrow. The arrow hits the lemure.
You kill the lemure!
That felt strangely unrewarding.
The jackal bites you but does no damage.
The lemure barely misses you.
You shoot an arrow.
The arrow hits the lemure but does no damage.
The jackal barely misses you. The lemure hits you.
You shoot an arrow. The arrow barely misses the lemure.
The jackal misses you.
The jackal bites you but does no damage.
The lemure hits you but does no damage.
You shoot an arrow. The arrow completely misses the lemure.
The jackal bites you but does no damage.
The lemure barely misses you.
You shoot an arrow. The arrow barely misses the lemure.
The jackal bites you but does no damage.
The lemure hits you.
You die...

#.# #..##.........# #.
#.# #.........#.#.###.
#.# ##..........#.....
#.#####..#.............
#................###...
#.##...................
#.##............##.###.
####..5...).###....####
#..@[...............
#...h....###########
######.#...............#
#......#..##.#!#######.#
#.....##..##.#.#.### #.#
#.....##..##.#.#...# #.#
#..................# #.#
####......##.###...# #.#
#.#######.# #...# #..


You could see a lemure and a jackal.

Vanquished Creatures
  A lemure (D:3)
  2 brain worms (Sewer)
  A scorpion (D:2)
  An orc priest (D:3)
  A jelly (D:3)
  Jessica (D:2)
  Natasha (thrice) (D:2)
  A sleepcap (D:3)
  8 adders
  7 river rats
  3 dart slugs (D:1)
  2 ribbon worms
  6 orcs (D:3)
  6 bats
  12 endoplasms
  6 giant cockroaches
  4 goblins
  8 hobgoblins
  5 jackals
  9 kobolds
  3 quokkas
  12 ball pythons
  13 frilled lizards
  11 rats
126 creatures vanquished.

Notes
Turn   | Place    | Note
-------+----------+-------------------------------------------
     0 | D:1      | qw the Gargoyle Hunter began the quest for the Orb.
     0 | D:1      | Reached XP level 1. HP: 12/12 MP: 1/1
     0 | D:1      | 0 ||| qw: Version: 0.3-a-132-g3d54051
     0 | D:1      | 0 ||| qw: Game counter: 570
     0 | D:1      | 0 ||| qw: Melee chars always use a shield: true
     0 | D:1      | 0 ||| qw: God list: Okawaru
     0 | D:1      | 0 ||| qw: Allow faded altars: false
     0 | D:1      | 0 ||| qw: Do Orc after clearing Dungeon:15 true
     0 | D:1      | 0 ||| qw: Do second Lair branch before Depths: true
     0 | D:1      | 0 ||| qw: Lair rune preference: random
     0 | D:1      | 0 ||| qw: Goals: Normal
     0 | D:1      | 0 ||| PLANNING D:1-11
    58 | D:1      | Found a faded altar of an unknown god.
    93 | D:1      | Reached XP level 2. HP: 17/17 MP: 2/2
   147 | D:1      | Found Edobbaqe's Distillery.
   163 | D:1      | 163 ||| SHOPLISTING 2 potions of heal wounds (140 gold,
                  | have 41).
   163 | D:1      | 163 ||| SHOPLISTING potion of curing (42 gold, have 41).
   163 | D:1      | 163 ||| SHOPLISTING potion of haste (140 gold, have 41).
   163 | D:1      | 163 ||| SHOPLISTING potion of heal wounds (70 gold, have
                  | 41).
   304 | D:1      | Reached XP level 3. HP: 19/21 MP: 3/3
   343 | D:1      | Reached skill level 5 in Ranged Weapons
   714 | D:1      | Reached skill level 3 in Fighting
   792 | D:1      | 792 ||| READING scroll labelled BISKOXTU BACI.
   793 | D:1      | 793 ||| READING 2 scrolls labelled RUUSSA QUOL.
   793 | D:1      | 793 ||| IDENTIFYING blue potion
   794 | D:1      | 794 ||| DROPPING scroll of butterflies.
   795 | D:1      | 795 ||| DROPPING potion of brilliance.
   889 | D:2      | Noticed Jessica
   892 | D:2      | Killed Jessica
   893 | D:2      | Reached XP level 4. HP: 28/28 MP: 4/4
   947 | D:2      | Noticed Natasha
   952 | D:2      | Killed Natasha
   960 | D:2      | Noticed Natasha
   969 | D:2      | Killed Natasha
   970 | D:2      | Reached skill level 6 in Ranged Weapons
   970 | D:2      | Reached XP level 5. HP: 18/32 MP: 5/5
   970 | D:2      | 970 ||| FLEEEEING.
  1328 | D:2      | 1328 ||| FLEEEEING.
  1659 | D:2      | Noticed Natasha
  1663 | D:2      | Killed Natasha
  1664 | D:2      | Reached XP level 6. HP: 39/39 MP: 6/6
  1779 | D:2      | You fall into a shaft and drop 1 floor!
  1780 | D:3      | 1780 ||| PLANNING SEWER
  1919 | D:3      | 1919 ||| FLEEEEING.
  2196 | D:3      | Reached skill level 7 in Ranged Weapons
  2255 | D:3      | Found a glowing drain.
  2256 | D:3      | 2256 ||| UPGRADING to +0 ring mail.
  2266 | D:3      | 2266 ||| DROPPING +0 leather armour.
  2267 | D:3      | 2267 ||| READING 2 scrolls of identify.
  2267 | D:3      | 2267 ||| IDENTIFYING fuming orange potion
  2268 | D:3      | 2268 ||| READING scroll of identify.
  2268 | D:3      | 2268 ||| IDENTIFYING white potion
  2269 | D:3      | 2269 ||| READING scroll labelled LULOGI SOOGAT.
  2270 | D:3      | 2270 ||| FLEEEEING.
  2273 | D:3      | 2273 ||| DRINKING 2 lumpy yellow potions.
  2274 | D:3      | 2274 ||| DRINKING 2 clear potions.
  2275 | D:3      | 2275 ||| DROPPING potion of attraction.
  2276 | D:3      | 2276 ||| DROPPING potion of berserk rage.
  2277 | D:3      | 2277 ||| DROPPING potion of degeneration.
  2278 | D:3      | 2278 ||| DROPPING potion of ambrosia.
  2352 | Sewer    | Entered a sewer
  2386 | Sewer    | Reached skill level 1 in Armour
  2513 | Sewer    | Reached XP level 7. HP: 25/44 MP: 7/7
  2999 | Sewer    | 2999 ||| READING 3 scrolls labelled DOIMECWINIM.
  2999 | Sewer    | 2999 ||| ENCHANTING +0 shortbow.
  3000 | Sewer    | 3000 ||| READING 2 scrolls of enchant weapon.
  3000 | Sewer    | 3000 ||| ENCHANTING +1 shortbow.
  3001 | Sewer    | 3001 ||| READING scroll of enchant weapon.
  3001 | Sewer    | 3001 ||| ENCHANTING +2 shortbow.
  3002 | Sewer    | 3002 ||| READING scroll labelled ZEOWO ATISMA.
  3002 | Sewer    | 3002 ||| ENCHANTING +3 shortbow.
  3039 | D:3      | 3039 ||| PLANNING D:1-11
  3288 | D:3      | Found a glowing silver altar of Zin.
  3293 | D:3      | Found an ancient bone altar of Kikubaaqudgha.
  3293 | D:3      | Found a hazy altar of Hepliaklqana.
  3402 | D:3      | 3402 ||| UPGRADING to +1 robe of willpower.
  3427 | D:4      | 3427 ||| STAIRDANCE
  3428 | D:4      | Noticed Pikel
  3432 | D:4      | 3432 ||| STAIRDANCE
  3445 | D:3      | Reached skill level 8 in Ranged Weapons
  3449 | D:3      | 3449 ||| FLEEEEING.
  3487 | D:4      | 3487 ||| STAIRDANCE
  3493 | D:3      | HP: 8/44 [lemure[Pikel] (4)]
  3499 | D:3      | Slain by a lemure

Levels and vault maps discovered:
D:1:      dpeg_arrival_ternary, layout_basic,
          shapermc_ecumenical_altar_starsandcircs, serial_shops, shop
D:2:      layout_basic, uniq_jessica, uniq_natasha
D:3:      layout_basic, grunt_temple_overflow_open, portal_sewer_entry_b
D:4:      layout_cave_pools, kennysheep_donut,
          serial_library_hellmonk_layered_room, nicolae_shop_firing_range,
          uniq_pikel

Skill      XL: |  1  2  3  4  5  6  7 |
---------------+----------------------+-----
Ranged Weapons | 5 6 7 8 |  8.0
Fighting       | 3 4 |  4.3
Armour         | 1 |  1.0
Dodging        | |  1.5
Stealth        | |  1.1

Action                     |  1- 3 |  4- 6 |  7- 9 || total
---------------------------+-------+-------+-------++-------
   Fire: Shortbow          |   109 |   211 |   112 ||   432
    Use: Scroll            |     2 |     3 |     4 ||     9
         Potion            |       |     2 |       ||     2
 Armour: Leather armour    |    34 |    51 |       ||    85
         Ring mail         |       |    21 |    38 ||    59
         Robe              |       |       |    49 ||    49
  Dodge: Dodged            |    25 |    49 |    72 ||   146

Table legend:
 A = Non-vault XP
 B = Vault XP
 C = Vault XP percentage of total XP
 D = Non-vault monster count
 E = Vault monster count
 F = Vault count percentage of total count
                 A         B        C        D         E       F
            +---------+---------+-------+---------+---------+-------
      Total |     486 |     416 |  46.1 |      89 |      36 |  28.8
            +---------+---------+-------+---------+---------+-------
        D:1 |      71 |       0 |   0.0 |      38 |       0 |   0.0
        D:2 |     202 |      73 |  26.5 |      23 |       2 |   8.0
        D:3 |     213 |      21 |   9.0 |      28 |       6 |  17.6
      Sewer |       0 |     322 | 100.0 |       0 |      28 | 100.0
            +---------+---------+-------+---------+---------+-------
